 Dungeon Crawl Stone Soup version 0.31.0-9-g3a7656b989 (webtiles) character file.

Game seed: 7657752435358691066

197 qw the Skirmisher (level 5, -1/29 HPs)
             Began as a Deep Elf Hunter on Feb 2, 2024.
             Incinerated by a bombardier beetle (6 damage)
             ... with a burning spray
             ... on level 4 of the Dungeon.
             The game lasted 00:00:11 (1997 turns).

qw the Skirmisher (Deep Elf Hunter)                 Turns: 1997, Time: 00:00:11

Health: -1/29      AC:  8    Str: 10    XL:     5   Next: 46%
Magic:  7/7        EV: 11    Int: 14    God:
Gold:   828        SH:  0    Dex: 18    Spells: 4/4 levels left

rFire   . . .        a - +1 shortbow (freeze)
rCold   . . .        (shield currently unavailable)
rNeg    . . .        e - +0 ring mail
rPois   .            (no helmet)
rElec   .            r - +0 cloak
rCorr   .            g - +0 pair of gloves
SInv    .            n - +0 pair of boots
Will    +....        (no amulet)
Stlth   +            f - ring of willpower
HPRegen 0.24/turn    (no ring)
MPRegen 0.10/turn

%: no passive effects
@: on fire, glowing
A: no striking features
a: no special abilities


You were on level 4 of the Dungeon.
You visited 1 branch of the dungeon, and saw 4 of its levels.

You collected 858 gold pieces.
You spent 30 gold pieces at shops.


   Skills:
 - Level 1.5 Fighting
 + Level 8.7 Ranged Weapons
 - Level 1.0 Armour
 - Level 2.4 Dodging
 - Level 1.2 Stealth


You had 4 spell levels left.
You didn't know any spells.
Your spell library was empty.

Inventory:

Hand Weapons
 a - a +1 shortbow of freezing (weapon)
Armour
 e - a +0 ring mail (worn)
 g - a +0 pair of gloves (worn)
 n - a +0 pair of boots (worn)
 r - a +0 cloak (worn)
Jewellery
 f - a ring of willpower (left hand)
Wands
 l - a wand of quicksilver (9)
Potions
 d - a potion of attraction {unknown}
 h - 3 potions of curing
 i - a potion of ambrosia {unknown}
 j - a potion of might {unknown}
 o - a potion of heal wounds {unknown}
 p - a potion of lignification {unknown}

Dungeon Overview and Level Annotations

Branches:
Dungeon (4/15)
 Temple: D:4-7

Altars:
Uskayaw

Shops:
D:2 [[*

Annotations:
D:3 2 transporters, qw's ghost, amateur DjHu


Message History

You shoot an arrow.
The arrow hits the bombardier beetle but does no damage.
You shoot an arrow. The arrow hits the bombardier beetle.
The arrow freezes the bombardier beetle.
The bombardier beetle is moderately wounded.
You shoot an arrow. The arrow hits the bombardier beetle.
The arrow freezes the bombardier beetle.
The bombardier beetle is severely wounded.
The bombardier beetle sprays incendiary fluid at you.
The burning spray hits you.
You are covered in liquid fire!
You shoot an arrow.
The arrow barely misses the bombardier beetle.
The liquid fire burns you!
You shoot an arrow.
The arrow hits the bombardier beetle but does no damage.
The bombardier beetle is severely wounded.
The liquid fire burns you!
You shoot an arrow.
The arrow hits the bombardier beetle but does no damage.
The bombardier beetle is severely wounded.
The liquid fire burns you!
You shoot an arrow.
The arrow barely misses the bombardier beetle.
The liquid fire burns you!
You shoot an arrow.
The arrow hits the bombardier beetle but does no damage.
The bombardier beetle is severely wounded.
The liquid fire burns you!
You shoot an arrow.
The arrow barely misses the bombardier beetle.
The liquid fire burns you!
The bombardier beetle sprays incendiary fluid at you.
The burning spray hits you.
You are even more covered in liquid fire!
You shoot an arrow. The arrow hits the bombardier beetle.
The arrow freezes the bombardier beetle.
The bombardier beetle is almost dead.
The liquid fire burns you!
You die...

#.(.... #......... ......
######......... #.####
.............#+####.###.
.............#........+.
.............#........#.
.............#........#.
.....B.......##+#####...
########@#....#..#....###
#........#....#..#....#
#........'....#..'....#
#........#....#..#....#
#........#....#..#....#
#........#....#..#....#
#####'######....#+##....#
#..#..##....####....#####
#......#....# #....#


You could see a bombardier beetle.

Vanquished Creatures
  Natasha (twice) (D:3)
  An iguana (D:4)
  3 gnolls (D:3)
  4 adders
  A dart slug (D:2)
  An orc (D:3)
  4 ball pythons
  3 endoplasms
  2 giant cockroaches
  6 goblins
  2 hobgoblins
  7 jackals
  5 kobolds
  4 quokkas
  6 bats
  2 frilled lizards (D:1)
  2 rats
55 creatures vanquished.

Notes
Turn   | Place    | Note
-------+----------+-------------------------------------------
     0 | D:1      | qw the Deep Elf Hunter began the quest for the Orb.
     0 | D:1      | Reached XP level 1. HP: 12/12 MP: 3/3
     0 | D:1      | 0 ||| qw: Version: 0.3-a-155-g5e7d8dd
     0 | D:1      | 0 ||| qw: Game counter: 2357
     0 | D:1      | 0 ||| qw: Melee chars always use a shield: true
     0 | D:1      | 0 ||| qw: God list: Okawaru
     0 | D:1      | 0 ||| qw: Allow faded altars: false
     0 | D:1      | 0 ||| qw: Do Orc after clearing Dungeon:15 true
     0 | D:1      | 0 ||| qw: Do second Lair branch before Depths: true
     0 | D:1      | 0 ||| qw: Lair rune preference: random
     0 | D:1      | 0 ||| qw: Goals: Normal
     0 | D:1      | 0 ||| PLANNING D:1-11
    43 | D:1      | Found a faded altar of an unknown god.
    98 | D:1      | Reached skill level 6 in Ranged Weapons
    98 | D:1      | Reached XP level 2. HP: 12/16 MP: 4/4
   676 | D:1      | 676 ||| UPGRADING to +0 ring mail.
   686 | D:1      | 686 ||| DROPPING +0 leather armour.
   687 | D:1      | 687 ||| UPGRADING to +0 pair of gloves.
   692 | D:1      | 692 ||| UPGRADING to ring of willpower.
   693 | D:1      | 693 ||| READING scroll labelled JAUSCHUEFF.
   694 | D:1      | 694 ||| READING scroll labelled TOEL LUMYATO.
   694 | D:1      | 694 ||| ENCHANTING +0 shortbow.
   695 | D:1      | 695 ||| DROPPING scroll of butterflies.
   772 | D:2      | Reached XP level 3. HP: 20/20 MP: 5/5
   780 | D:2      | Found Besoah's Antique Armour Emporium.
   788 | D:2      | 788 ||| SHOPLISTING runed leather armour (120 gold, have
                  | 39).
   788 | D:2      | 788 ||| SHOPLISTING shiny scale mail (168 gold, have 39).
   801 | D:2      | Found Jixasemai's Antique Armour Shoppe.
   809 | D:2      | 809 ||| SHOPLISTING glimmering robe (125 gold, have 39).
   908 | D:2      | Found Oxkoe's General Store.
   916 | D:2      | 916 ||| SHOPLISTING potion of cancellation (80 gold, have
                  | 39).
   916 | D:2      | 916 ||| BUYING potion of curing (30 gold).
   916 | D:2      | Bought a potion of curing for 30 gold pieces
   916 | D:2      | 916 ||| SHOPLISTING scroll of identify (20 gold, have 9).
  1012 | D:2      | Reached skill level 7 in Ranged Weapons
  1236 | D:2      | 1236 ||| READING scroll labelled VACWU WIRO OLAON.
  1236 | D:2      | 1236 ||| BRANDING +1 shortbow.
  1237 | D:2      | 1237 ||| READING scroll labelled PAJURO NENOT.
  1268 | D:3      | Found a hide-covered altar of Uskayaw.
  1286 | D:3      | Reached XP level 4. HP: 25/25 MP: 6/6
  1314 | D:3      | Noticed Natasha
  1316 | D:3      | Killed Natasha
  1317 | D:3      | Reached skill level 8 in Ranged Weapons
  1373 | D:3      | Noticed Natasha
  1375 | D:3      | 1375 ||| FLEEEEING.
  1376 | D:3      | 1376 ||| FLEEEEING.
  1377 | D:3      | 1377 ||| FLEEEEING.
  1378 | D:3      | 1378 ||| FLEEEEING.
  1379 | D:3      | 1379 ||| FLEEEEING.
  1380 | D:3      | 1380 ||| FLEEEEING.
  1381 | D:3      | 1381 ||| FLEEEEING.
  1382 | D:3      | 1382 ||| FLEEEEING.
  1383 | D:3      | 1383 ||| FLEEEEING.
  1384 | D:3      | 1384 ||| FLEEEEING.
  1385 | D:3      | 1385 ||| FLEEEEING.
  1386 | D:3      | 1386 ||| FLEEEEING.
  1387 | D:3      | 1387 ||| FLEEEEING.
  1387 | D:3      | Found a transporter.
  1388 | D:3      | 1388 ||| FLEEEEING.
  1389 | D:3      | 1389 ||| FLEEEEING.
  1390 | D:3      | 1390 ||| FLEEEEING.
  1391 | D:3      | 1391 ||| FLEEEEING.
  1392 | D:3      | 1392 ||| FLEEEEING.
  1393 | D:3      | 1393 ||| STAIRDANCE
  1395 | D:2      | 1395 ||| FLEEEEING.
  1396 | D:2      | 1396 ||| FLEEEEING.
  1397 | D:2      | 1397 ||| FLEEEEING.
  1398 | D:2      | 1398 ||| FLEEEEING.
  1399 | D:2      | 1399 ||| FLEEEEING.
  1400 | D:2      | 1400 ||| FLEEEEING.
  1401 | D:2      | 1401 ||| FLEEEEING.
  1402 | D:2      | 1402 ||| FLEEEEING.
  1403 | D:2      | 1403 ||| FLEEEEING.
  1404 | D:2      | 1404 ||| FLEEEEING.
  1405 | D:2      | 1405 ||| FLEEEEING.
  1406 | D:2      | 1406 ||| FLEEEEING.
  1407 | D:2      | 1407 ||| FLEEEEING.
  1408 | D:2      | 1408 ||| FLEEEEING.
  1409 | D:2      | 1409 ||| FLEEEEING.
  1410 | D:2      | 1410 ||| FLEEEEING.
  1411 | D:2      | 1411 ||| FLEEEEING.
  1412 | D:2      | 1412 ||| FLEEEEING.
  1413 | D:2      | 1413 ||| FLEEEEING.
  1414 | D:2      | 1414 ||| FLEEEEING.
  1415 | D:2      | 1415 ||| FLEEEEING.
  1416 | D:2      | 1416 ||| FLEEEEING.
  1417 | D:2      | 1417 ||| FLEEEEING.
  1418 | D:2      | 1418 ||| FLEEEEING.
  1419 | D:2      | 1419 ||| FLEEEEING.
  1536 | D:3      | Found a transporter.
  1537 | D:3      | Noticed qw's ghost (amateur DjHu)
  1544 | D:3      | Killed Natasha
  1545 | D:3      | Reached XP level 5. HP: 29/29 MP: 7/7
  1547 | D:3      | Noticed an ogre
  1576 | D:3      | Noticed an ogre
  1835 | D:3      | 1835 ||| UPGRADING to +0 pair of boots.
  1840 | D:3      | 1840 ||| DROPPING scarf of harm.
  1841 | D:3      | 1841 ||| UPGRADING to +0 cloak.
  1846 | D:3      | 1846 ||| READING scroll labelled TERYRE SATT.
  1846 | D:3      | Identified a scroll of acquirement
  1846 | D:3      | 1846 ||| ACQUIRING 803 gold pieces
  1846 | D:3      | Acquired 803 gold pieces
  1848 | D:3      | 1848 ||| READING 2 scrolls labelled HAUSAL TOALUAS.
  1848 | D:3      | 1848 ||| IDENTIFYING murky yellow potion
  1849 | D:3      | 1849 ||| READING scroll of identify.
  1849 | D:3      | 1849 ||| IDENTIFYING sedimented orange potion
  1850 | D:3      | 1850 ||| DROPPING potion of degeneration.
  1851 | D:3      | 1851 ||| DROPPING potion of brilliance.
  1896 | D:4      | Reached skill level 1 in Armour
  1996 | D:4      | HP: 4/29 [burnt (5)]
  1997 | D:4      | Incinerated by a bombardier beetle

Levels and vault maps discovered:
D:1:      minmay_arrival_split_and_join, layout_basic,
          ebering_ecumenical_altar_rust, serial_bayou_lake_a
D:2:      layout_basic, serial_shops, shop, shop, shop
D:3:      layout_rooms, nicolae_uskayaw_murder_on_the_dancefloor,
          gammafunk_ghost_smash, kennysheep_generic_room_6, uniq_natasha
D:4:      layout_gridville, mainiacjoe_overflow_cross_hatched,
          grunt_dithmenos_smoke_and_mirrors, uniq_edmund

Skill      XL: |  1  2  3  4  5 |
---------------+----------------+-----
Ranged Weapons | 6 7 8 |  8.7
Armour         | 1 |  1.0
Fighting       | |  1.5
Dodging        | |  2.4
Stealth        | |  1.2

Action                     |  1- 3 |  4- 6 || total
---------------------------+-------+-------++-------
   Fire: Shortbow          |   112 |    57 ||   169
    Use: Scroll            |     4 |     3 ||     7
 Armour: Leather armour    |     6 |       ||     6
         Ring mail         |     7 |     6 ||    13
  Dodge: Dodged            |    19 |     6 ||    25

Table legend:
 A = Non-vault XP
 B = Vault XP
 C = Vault XP percentage of total XP
 D = Non-vault monster count
 E = Vault monster count
 F = Vault count percentage of total count
                 A         B        C        D         E       F
            +---------+---------+-------+---------+---------+-------
      Total |     245 |      37 |  13.1 |      53 |       2 |   3.6
            +---------+---------+-------+---------+---------+-------
        D:1 |      29 |       0 |   0.0 |      17 |       0 |   0.0
        D:2 |      39 |       0 |   0.0 |      15 |       0 |   0.0
        D:3 |     126 |      37 |  22.7 |      18 |       2 |  10.0
        D:4 |      51 |       0 |   0.0 |       3 |       0 |   0.0
            +---------+---------+-------+---------+---------+-------
